 Dungeon Crawl Stone Soup version 0.30-a0-341-g682706514a (webtiles) character file.

Game seed: 12998900575918959668

0 blackman the Sneak (level 1, 0/18 HPs)
             Began as a Human Delver on Nov 3, 2022.
             Splashed by a jelly's acid (2 damage)
             ... on level 6 of the Dungeon.
             The game lasted 00:05:28 (730 turns).

blackman the Sneak (Human Delver)                    Turns: 730, Time: 00:05:29

Health: 0/18       AC: -4    Str: 12    XL:     1   Next: 0%
Magic:  1/1        EV: 12    Int: 10    God:
Gold:   72         SH:  0    Dex: 14    Spells: 0/0 levels left

rFire   . . .      SeeInvis .    a - +0 falchion
rCold   . . .      Faith    .    (no shield)
rNeg    . . .      Spirit   .    b - +1 leather armour
rPois   .          Reflect  .    (no helmet)
rElec   .          Harm     .    (no cloak)
rCorr   .          Rampage  .    (no gloves)
Will    .....                    (no boots)
Stlth   +++.......               (no amulet)
HPRegen 0.23/turn                (no ring)
MPRegen 0.07/turn                (no ring)

@: corroded
A: no striking features
a: no special abilities


You were on level 6 of the Dungeon.
You visited 1 branch of the dungeon, and saw 3 of its levels.

You collected 118 gold pieces.
You spent 46 gold pieces at shops.

Inventory:

Hand Weapons
 a - a +0 falchion (weapon)
Armour
 b - a +1 leather armour (worn)
Jewellery
 h - a ring of fire
Wands
 g - a wand of digging (2)
Scrolls
 c - a scroll of fog


   Skills:
 - Level 3.0 Fighting
 - Level 2.0 Long Blades
 * Level 0.0 Maces & Flails
 - Level 2.0 Dodging
 - Level 5.0 Stealth


You couldn't memorise any spells.
You didn't know any spells.
Your spell library was empty.

Dungeon Overview and Level Annotations

Branches:
Dungeon (6/15)
 Temple: D:4-7

Altars:

Shops:
D:5 (!*

Annotations:
D:5 Menkaure


Message History

Key pressed, stopping explore.
d - a potion of ambrosia Key pressed, stopping explore.
Found a stone staircase leading down.
A jelly comes into view.
Found 19 gold pieces.
A troll and a phantom come into view.
The jelly quivers.
A sky beast comes into view.
Found a scale mail.
Aiming: Dig
Press: ? - help, Shift-Dir - straight line A rock wall.
The rock shatters into small pieces.
The jelly closely misses you.
Unknown command.
You hit the jelly. The acid corrodes you!
Your hands burn!
The jelly is moderately wounded.
The jelly hits you.
You are splashed with acid!
* * * LOW HITPOINT WARNING * * *
You are confused.
You feel invigorated. The jelly barely misses you.
You bump into the rock wall.
The jelly hits you.
You are splashed with acid!
Ouch! That really hurt!
* * * LOW HITPOINT WARNING * * *
You bump into the rock wall.
The jelly closely misses you.
You hit the jelly but do no damage.
Your hands burn!
* * * LOW HITPOINT WARNING * * *
The jelly is moderately wounded.
The jelly misses you. The jelly barely misses you.
You hit the jelly.
Your hands burn!
The jelly is heavily wounded.
You feel less invigorated.
You feel less confused.
The sky beast flickers out of sight!
Deactivating autopickup; reactivate with Ctrl-A.
The jelly hits you.
You are splashed with acid!
* * * LOW HITPOINT WARNING * * *
You hit the jelly. The acid corrodes you!
Your hands burn!
You die...

#########
..[.....# #.##
#.{## #########
#.#J## .......>#
#.##@#
#######.#####.####
...............#
.#####..########
.# #.## .# #.# .#
##.# .# #..# ##
#.##


You could see a jelly.

Vanquished Creatures (others)
  A plant (D:5)
1 creature vanquished.

Notes
Turn   | Place    | Note
-------+----------+-------------------------------------------
     0 | D:5      | blackman the Human Delver began the quest for the Orb.
     0 | D:5      | Reached XP level 1. HP: 18/18 MP: 1/1
    37 | D:5      | Bought a scroll labelled HIRHOS BEBLOEV for 23 gold pieces
    37 | D:5      | Bought a scroll labelled YCI XELEACA for 23 gold pieces
    69 | D:5      | Found Haimept's Distillery.
    84 | D:5      | Found Nyopp's Weapon Shop.
    97 | D:5      | Noticed a black bear
   137 | D:5      | Noticed Menkaure
   439 | D:6      | Noticed a scorpion
   474 | D:6      | Noticed a water moccasin
   552 | D:6      | Noticed a scorpion
   558 | D:6      | Noticed a centaur
   559 | D:6      | Noticed a scorpion
   567 | D:6      | Noticed a hound
   682 | D:6      | Noticed a jelly
   693 | D:6      | Noticed a troll
   693 | D:6      | Noticed a phantom
   719 | D:6      | Noticed a sky beast
   730 | D:6      | Splashed by a jelly's acid

Illustrated notes

Levels and vault maps discovered:
D:4:      layout_basic, serial_curves, eino_curves_02, eino_curves_03,
          nicolae_shop_self_help
D:5:      layout_gridville, serial_shops, shop_fountains,
          nicolae_shop_overgrown_old_shop, nicolae_square_shop, shop,
          shop_coins, minmay_misc_feat_room, nicolae_shop_fire_sale
          [nicolae_sub_dead_trees], kennysheep_dice, uniq_menkaure
D:6:      layout_basic, kennysheep_potato

Action                   || total
-------------------------++-------
Melee: Falchion          ||    11
Evoke: Wand              ||     1
  Use: Scroll            ||     7
       Potion            ||     4
Armor: Leather armour    ||     2
Dodge: Dodged            ||    11

Table legend: (Time is in decaauts)
 A = Elapsed time spent in this place.
 B = Non-inter-level travel time spent in this place.
 C = Inter-level travel time spent in this place.
 D = Time resting spent in this place.
 E = Time spent auto-exploring this place.
 F = Levels seen in this place.
 G = Mean time per level.
                   A        B        C        D        E       F      G
               +--------+--------+--------+--------+--------+-----+--------+
         Total |    713 |    630 |     83 |    253 |    193 |   3 |  237.7 |
       Dungeon |    713 |    630 |     83 |    253 |    193 |   3 |  237.7 |
               +--------+--------+--------+--------+--------+-----+--------+

Top non-repeatable levels by time:
     D:6: 564 daAuts
     D:5: 146 daAuts
     D:4: 2 daAuts
